 Dungeon Sprint DCSS version 0.17-a0-1442-g10bb59b (webtiles) character file.

7662 Kidiri the Unseen (level 10, -10/44 HPs)
             Began as a Spriggan Enchanter on June 27, 2015.
             Was an Elder of Dithmenos.
             Mangled by a spriggan defender
             ... wielding a +5 quick blade
              (27 damage)
             ... in the Dungeon (Sprint IV: "Fedhas' Mad Dash").
             The game lasted 00:15:26 (2084 turns).

Kidiri the Unseen (Spriggan Enchanter)              Turns: 2084, Time: 00:15:32

Health: -10/44     AC:  3    Str:  4    XL:     10   Next: 99%
Magic:  20/28      EV: 29    Int: 18    God:    Dithmenos [****..]
Gold:   233        SH:  0    Dex: 19    Spells: 10 memorised, 4 levels left

rFire  . . .     SeeInvis +     a - +1 dagger
rCold  . . .     Clarity  .     b - +1 robe
rNeg   . . .     SustAt   .     (shield restricted)
rPois  .         Gourm    .     (helmet restricted)
rElec  .         Spirit   .     (no cloak)
rCorr  .         Warding  .     (gloves unavailable)
rMut   .         NoTele   +     (boots unavailable)
MR     +....                    (no amulet)
Stlth  ++++++++++               (no ring)
                                k - ring of invisibility

@: very slightly contaminated, wreathed by umbra, very quick, somewhat resistant
to hostile enchantments, uncannily stealthy
A: unfitting armour, see invisible, herbivore 3, speed 3, slow metabolism 2
a: Shadow Step, Renounce Religion, Evoke Invisibility


You were in the Dungeon.
You worshipped Dithmenos.
Dithmenos was greatly pleased with you.
You were not hungry.

You visited 1 branch You collected 233 gold pieces.

Inventory:

Hand weapons
 a - a +1 dagger (weapon)
Armour
 b - a +1 robe (worn)
Jewellery
 k - a ring of invisibility (left hand)
Scrolls
 c - a scroll of amnesia {unknown}
 j - a scroll of blinking
 n - a scroll of identify {unknown}
Potions
 e - a potion of curing
 f - a potion of heal wounds
 g - a potion of haste
 h - 2 potions of magic
 i - a potion of berserk rage
Books
 m - a book of Unlife

   Spells                             Type                      Level
   a - Recall                         Summoning/Translocation      3
   b - Animate Dead                   Necromancy                   4
   c - Control Undead                 Necromancy                   4
   d - Cigotuvi's Embrace             Necromancy                   5
   e - Death Channel                  Necromancy                   6
   f - Simulacrum                     Ice/Necromancy               6
 o - a book of Hinderance

   Spells                             Type                      Level
   a - Confusing Touch                Hexes                        2
   b - Confuse                        Hexes                        3
   c - Gell's Gravitas                Hexes/Translocation          3
   d - Petrify                        Transmutation/Earth          4
   e - Metabolic Englaciation         Hexes/Ice                    5
Comestibles
 d - a bread ration


   Skills:
 + Level 9.1 Short Blades
 + Level 11.8 Dodging
 * Level 17.1 Stealth
 * Level 13.5 Spellcasting
 + Level 5.5 Conjurations
 + Level 10.5 Hexes
 + Level 5.0 Necromancy
 + Level 8.2 Translocations
 + Level 6.7 Ice Magic
 + Level 7.6 Invocations
 - Level 6.1 Evocations


You had 4 spell levels left.
You knew the following spells:

 Your Spells              Type           Power        Failure   Level  Hunger
a - Corona                Hex            ######.      1%          1    None
b - Ensorcelled Hibernat  Hex/Ice        #####.       1%          2    None
c - Confuse               Hex            ######..     1%          3    None
d - Tukima's Dance        Hex            ######..     1%          3    None
e - Dazzling Spray        Conj/Hex       #####...     1%          3    None
f - Slow                  Hex            ######..     1%          2    None
g - Cause Fear            Hex            ######....   1%          4    #......
h - Gell's Gravitas       Hex/Tloc       #####.....   1%          3    None
i - Simulacrum            Ice/Necr       ####......   82%         6    ######.
j - Metabolic Englaciati  Hex/Ice        #####.....   4%          5    ####...


Dungeon Overview and Level Annotations

Branches:
Dungeon (1/1)

Altars:
Cheibriados
Dithmenos
Elyvilon
Gozag
Kikubaaqudgha
Makhleb
Nemelex Xobeh
Okawaru
Qazlal
Ru
Sif Muna
Trog
Vehumet
Xom
Yredelemnul
Zin
The Shining One
Beogh
Jiyva
Lugonu

Shops:
D ((*((*(%


Innate Abilities, Weirdness & Mutations

You are tiny and cannot use many weapons and most armour.
You have supernaturally acute eyesight.
You are a herbivore.
You cover ground extremely quickly.
You need consume almost no food.


Message History

Found a shiny jade ring.
You flicker back into view.
There is an entrance to Eliwomif's Assorted Antiques here.
Use which ability? (? or * to list)
Aiming: Shadow Step
Press: ? - help, Dir - move target cursor, f - you You cannot target yourself.
Okay, then.
Use which ability? (? or * to list)
Aiming: Shadow Step
Press: ? - help, Dir - move target cursor, f - spriggan defender
Aim: a spriggan defender, wielding an enchanted quick blade, wearing a robe and wearing a buckler (resting, umbra)
You step into the spriggan defender's shadow.
The spriggan defender shouts!
The spriggan defender hits you with an enchanted quick blade!!
Ouch! That really hurt!
You emit a cloud of dark smoke.
The spriggan defender hits you with an enchanted quick blade!!
Ouch! That really hurt!
You die...

########......###....)♣.#
##.'..'.....%['%'..)♣..∩#
#:.#..#.P.....###########
##.##'##.P....#
...#♣.♣########
####.....####
##..♣..♣....###
.).♣......♣...♣###
....♣.)...∩.∩.§i@#
##################


You could see a spriggan defender.

Vanquished Creatures
  Agnes (D)
  A spriggan berserker (D)
  A spriggan druid (D)
  6 oklob plants (D)
  3 wandering mushrooms (D)
  A demonic crawler (D)
  A queen bee (D)
  3 burning bushes (D)
  A wasp (D)
  2 scorpions (D)
  4 killer bees (D)
  5 oklob saplings (D)
  A worker ant (D)
  5 spriggans (D)
  A river rat (D)
  A rat (D)
  A giant spore (D)
38 creatures vanquished.

Notes
Turn   | Place    | Note
--------------------------------------------------------------
     0 | D        | Kidiri the Spriggan Enchanter began the quest for the Orb.
     0 | D        | Reached XP level 1. HP: 9/9 MP: 5/5
    11 | D        | Reached skill level 5 in Stealth
    11 | D        | Reached XP level 2. HP: 13/13 MP: 5/7
    20 | D        | Learned a level 2 spell: Ensorcelled Hibernation
    61 | D        | Noticed an oklob sapling
    62 | D        | Killed an oklob sapling
    62 | D        | Reached skill level 6 in Stealth
    62 | D        | Reached skill level 1 in Ice Magic
    62 | D        | Reached XP level 3. HP: 16/16 MP: 8/10
    67 | D        | Learned a level 3 spell: Confuse
    71 | D        | Learned a level 3 spell: Tukima's Dance
    79 | D        | Noticed a worker ant
    81 | D        | Killed a worker ant
    81 | D        | Reached skill level 7 in Stealth
    81 | D        | Reached skill level 5 in Spellcasting
   105 | D        | Noticed an oklob sapling
   108 | D        | Killed an oklob sapling
   108 | D        | Reached skill level 5 in Hexes
   108 | D        | Reached skill level 1 in Evocations
   108 | D        | Reached XP level 4. HP: 21/21 MP: 8/12
   121 | D        | Found a snail-covered altar of Cheibriados.
   121 | D        | Found a glowing silver altar of Zin.
   121 | D        | Found a white marble altar of Elyvilon.
   121 | D        | Found a viscous altar of Jiyva.
   121 | D        | Found a radiant altar of Vehumet.
   121 | D        | Found a deep blue altar of Sif Muna.
   121 | D        | Found an ancient bone altar of Kikubaaqudgha.
   121 | D        | Found a bloodstained altar of Trog.
   121 | D        | Found a corrupted altar of Lugonu.
   121 | D        | Noticed an oklob sapling priest
   122 | D        | Found a burning altar of Makhleb.
   122 | D        | Found a sacrificial altar of Ru.
   123 | D        | Found a glowing golden altar of the Shining One.
   123 | D        | Found a sparkling altar of Nemelex Xobeh.
   124 | D        | Found a shadowy altar of Dithmenos.
   125 | D        | Found an iron altar of Okawaru.
   125 | D        | Found a shimmering altar of Xom.
   126 | D        | Found an opulent altar of Gozag.
   127 | D        | Found a basalt altar of Yredelemnul.
   127 | D        | Found a roughly hewn altar of Beogh.
   128 | D        | Killed an oklob sapling priest
   128 | D        | Reached skill level 5 in Dodging
   128 | D        | Reached skill level 8 in Stealth
   129 | D        | Found a stormy altar of Qazlal.
   134 | D        | Learned a level 3 spell: Dazzling Spray
   138 | D        | Became a worshipper of Dithmenos the Shadowed
   238 | D        | Noticed an oklob sapling wizard
   241 | D        | Killed an oklob sapling wizard
   241 | D        | Reached skill level 9 in Stealth
   241 | D        | Reached skill level 1 in Invocations
   241 | D        | Reached XP level 5. HP: 24/24 MP: 12/15
   249 | D        | Noticed a scorpion
   254 | D        | Reached skill level 1 in Conjurations
   255 | D        | Killed a scorpion
   255 | D        | Reached skill level 10 in Stealth
   371 | D        | Found Kageeqai's Antique Weapon Shop.
   371 | D        | Found Yxtumo's Weapon Emporium.
   376 | D        | Noticed a burning bush
   376 | D        | Noticed a wandering mushroom
   377 | D        | Noticed a scorpion
   377 | D        | Noticed a wandering mushroom
   379 | D        | Killed a wandering mushroom
   379 | D        | Reached skill level 5 in Short Blades
   379 | D        | Reached skill level 11 in Stealth
   379 | D        | Reached XP level 6. HP: 28/28 MP: 14/18
   381 | D        | Killed a burning bush
   381 | D        | Reached skill level 5 in Evocations
   381 | D        | Reached XP level 7. HP: 32/32 MP: 14/20
   382 | D        | Killed a wandering mushroom
   382 | D        | Reached skill level 12 in Stealth
   384 | D        | Killed a scorpion
   391 | D        | Found Ugusui's General Store.
   391 | D        | Found Guleff's Antique Weapon Shoppe.
   449 | D        | Noticed a queen bee
   449 | D        | Noticed a killer bee
   450 | D        | Noticed a killer bee
   451 | D        | Noticed a killer bee
   451 | D        | Noticed a killer bee
   465 | D        | Killed a killer bee
   465 | D        | Acquired Dithmenos's first power
   465 | D        | Reached XP level 8. HP: 36/36 MP: 12/22
   474 | D        | Killed a queen bee
   474 | D        | Reached skill level 10 in Spellcasting
   485 | D        | Killed a killer bee
   485 | D        | Reached skill level 13 in Stealth
   487 | D        | Killed a killer bee
   501 | D        | Killed a killer bee
   534 | D        | Learned a level 2 spell: Slow
   540 | D        | Learned a level 4 spell: Cause Fear
   544 | D        | Learned a level 3 spell: Gell's Gravitas
   551 | D        | Learned a level 6 spell: Simulacrum
   717 | D        | Noticed an oklob plant
   739 | D        | Killed an oklob plant
   739 | D        | Reached skill level 1 in Necromancy
   739 | D        | Reached skill level 5 in Invocations
   779 | D        | Noticed a burning bush
  1341 | D        | Killed a burning bush
  1341 | D        | Acquired Dithmenos's second power
  1341 | D        | Reached skill level 5 in Ice Magic
  1374 | D        | Noticed an oklob sapling
  1374 | D        | Noticed a burning bush
  1374 | D        | Noticed an oklob plant
  1375 | D        | Noticed a wandering mushroom
  1376 | D        | Killed a burning bush
  1376 | D        | Reached skill level 14 in Stealth
  1376 | D        | Reached XP level 9. HP: 39/39 MP: 22/25
  1380 | D        | Killed an oklob plant
  1382 | D        | Killed an oklob sapling
  1382 | D        | Reached skill level 10 in Dodging
  1384 | D        | Killed a wandering mushroom
  1398 | D        | Noticed a spriggan druid
  1399 | D        | Killed a spriggan druid
  1399 | D        | Reached skill level 15 in Stealth
  1399 | D        | Reached skill level 5 in Translocations
  1522 | D        | Noticed an oklob plant conjurer
  1524 | D        | Killed an oklob plant conjurer
  1540 | D        | Learned a level 5 spell: Metabolic Englaciation
  1943 | D        | Noticed an oklob plant
  1943 | D        | Noticed an oklob plant summoner
  1944 | D        | Noticed an oklob plant shifter
  1947 | D        | Killed an oklob plant
  1947 | D        | Reached XP level 10. HP: 44/44 MP: 21/27
  1949 | D        | Killed an oklob plant shifter
  1951 | D        | Killed an oklob plant summoner
  1966 | D        | Noticed a demonic crawler
  1968 | D        | Killed a demonic crawler
  1970 | D        | Noticed a spriggan rider
  1970 | D        | Noticed a spriggan
  1970 | D        | Noticed a spriggan
  1971 | D        | Found Cinoc's Weapon Emporium.
  1974 | D        | Killed a spriggan
  1976 | D        | Killed a spriggan rider
  1976 | D        | Killed a wasp
  1976 | D        | Reached skill level 16 in Stealth
  1976 | D        | Reached skill level 5 in Conjurations
  1976 | D        | Reached skill level 10 in Hexes
  1977 | D        | Killed a spriggan
  1977 | D        | Acquired Dithmenos's third power
  1978 | D        | Found Erhoivveuhe's Food Shoppe.
  2060 | D        | Noticed Agnes
  2062 | D        | Found Eliwomif's Assorted Antiques.
  2062 | D        | Noticed a spriggan berserker
  2063 | D        | Found Gaoguk's Weapon Shoppe.
  2064 | D        | Killed Agnes
  2070 | D        | Killed a spriggan berserker
  2070 | D        | Reached skill level 17 in Stealth
  2070 | D        | Reached skill level 5 in Necromancy
  2080 | D        | Noticed a spriggan defender
  2084 | D        | Mangled by a spriggan defender

Vault maps used:
D:        dungeon_sprint_fedhas

Action                   |  1- 3 |  4- 6 |  7- 9 | 10-12 || total
-------------------------+-------+-------+-------+-------++-------
Melee: Dagger            |     5 |     7 |    58 |     8 ||    78
 Cast: Ensorcelled Hiber |     1 |       |     4 |       ||     5
       Dazzling Spray    |       |       |    20 |       ||    20
       Confuse           |       |       |     5 |       ||     5
Invok: Shadow Step       |       |       |     2 |     3 ||     5
 Abil: Evoke Invisibilit |     1 |     2 |     7 |     1 ||    11
 Stab: Sleeping          |     5 |     7 |    12 |     8 ||    32
       Invisible         |       |       |     3 |       ||     3
       Confused          |       |       |     1 |       ||     1
  Eat: Royal jelly       |       |       |     3 |       ||     3
